 Dungeon Crawl Stone Soup version 0.22.0-38-g04b72b8 (webtiles) character file.

317 nicolaieve the Basher (level 6, -1/51 HPs)
             Began as a Minotaur Berserker on Aug 27, 2018.
             Was a Believer of Trog.
             Slain by a gnoll
             ... wielding a +0 halberd
              (7 damage)
             ... on level 3 of the Dungeon.
             The game lasted 00:05:33 (1314 turns).

nicolaieve the Basher (Minotaur Berserker)          Turns: 1314, Time: 00:05:34

Health: -1/51      AC: 12    Str: 21    XL:     6   Next: 20%
Magic:  5/5        EV:  6    Int:  6    God:    Trog [**....]
Gold:   53         SH:  0    Dex: 12    Spells: 5/5 levels left

rFire    . . .     SeeInvis .   a - +0 mace
rCold    . . .     Gourm    .   (no shield)
rNeg     . . .     Faith    .   e - +0 plate armour
rPois    .         Spirit   .   (helmet restricted)
rElec    .         Reflect  .   m - +0 cloak {+Inv}
rCorr    .         Harm     .   (no gloves)
MR       .....                  (no boots)
Stlth    ..........             (no amulet)
HPRegen  0.17/turn              h - +2 ring of intelligence
MPRegen  0.09/turn              (no ring)

@: berserk cooldown, slowed, very slow
A: retaliatory headbutt, horns 2
a: Berserk, Trog's Hand, Renounce Religion, Evoke Invisibility


You were on level 3 of the Dungeon.
You worshipped Trog.
Trog was pleased with you.
You were very hungry.

You visited 1 branch of the dungeon, and saw 3 of its levels.

You collected 53 gold pieces.

Inventory:

Hand Weapons
 a - a +0 mace (weapon)
Armour
 e - a +0 plate armour (worn)
 g - a +0 chain mail
 m - a +0 cloak of invisibility (worn)
Jewellery
 h - a +2 ring of intelligence (left hand)
Scrolls
 d - 2 scrolls of amnesia {unknown}
 f - 2 scrolls of identify {unknown}
 j - a scroll of magic mapping {unknown}
 n - a scroll of fear {unknown}
Potions
 b - a potion of magic {unknown}
 i - a potion of resistance {unknown}
 k - 2 potions of curing {unknown}
Comestibles
 c - 9 rations
 l - 4 chunks of flesh


   Skills:
 - Level 3.6 Fighting
 + Level 8.5 Maces & Flails
 - Level 2.4 Armour
 - Level 2.1 Dodging


You had 5 spell levels left.
You didn't know any spells.
Your spell library was empty.

Dungeon Overview and Level Annotations

Branches:
Dungeon (3/15)

Altars:


Innate Abilities, Weirdness & Mutations

You reflexively headbutt those who attack you in melee.
You have a pair of horns on your head.


Message History

The gnoll hits you but does no damage. The gnoll hits you but does no damage.
You hit the gnoll. You headbutt the gnoll!
You kill the gnoll!
Trog accepts your kill. The adder bites you but does no damage.
You sock the adder!
You kill the adder!
Trog accepts your kill.
A gnoll comes into view. It is wielding a halberd.
You feel a strong urge to attack something.
The gnoll hits you from afar with a halberd.
* * * LOW HITPOINT WARNING * * *
You are no longer berserk.
You are exhausted.
You feel yourself slow down.
You closely miss the gnoll. The gnoll hits you with a halberd!
* * * LOW HITPOINT WARNING * * *
The gnoll hits you with a halberd!
You die...

#..!# .#.....
#...####.#...>. #...#..
.......
####...#.##.....).
##......(.. ..... . ..#
...#.# ...# ..
#.####†#)##g..#.##
..#####.#.......@.......
#.........##.#........##
........####.#.##..#..#
#..#.........#.# .......
#.......###..... .##..##
##.##<.## #.##.#### ..#
.......# #. #.. .#
##.....# #. ### #
#.#####


You could see a gnoll.

Vanquished Creatures
  Sigmund (D:2)
  Crazy Yiuf (D:2)
  Jessica (D:2)
  3 gnolls (D:3)
  4 adders
  A dart slug (D:2)
  3 giant cockroaches
  7 goblins
  3 hobgoblins
  2 jackals (D:2)
  4 kobolds
  A ball python (D:3)
  5 bats
  2 frilled lizards
  3 rats (D:2)
41 creatures vanquished.

Notes
Turn   | Place    | Note
-------+----------+-------------------------------------------
     0 | D:1      | nicolaieve the Minotaur Berserker began the quest for the Orb.
     0 | D:1      | Reached XP level 1. HP: 19/19 MP: 0/0
    38 | D:1      | Reached skill level 4 in Maces & Flails
    91 | D:1      | Reached XP level 2. HP: 18/26 MP: 1/1
   690 | D:2      | Reached skill level 5 in Maces & Flails
   697 | D:2      | Reached ** piety under Trog
   703 | D:2      | Reached XP level 3. HP: 31/31 MP: 2/2
   715 | D:2      | Noticed Sigmund
   728 | D:2      | Killed Sigmund
   728 | D:2      | Reached skill level 7 in Maces & Flails
   728 | D:2      | Reached XP level 4. HP: 29/39 MP: 3/3
   728 | D:2      | Reached XP level 5. HP: 33/45 MP: 4/4
   755 | D:2      | Noticed Jessica
   762 | D:2      | Killed Jessica
   913 | D:2      | Found a runed door.
   980 | D:2      | Reached skill level 8 in Maces & Flails
  1218 | D:2      | Noticed Crazy Yiuf
  1225 | D:2      | Killed Crazy Yiuf
  1225 | D:2      | Reached XP level 6. HP: 31/51 MP: 5/5
  1314 | D:3      | Slain by a gnoll

Skill      XL: |  1  2  3  4  5 |
---------------+----------------+-----
Maces & Flails | 4 5 7 8 |  8.5
Fighting       | |  3.6
Armour         | |  2.4
Dodging        | |  2.1

Action                   |  1- 3 |  4- 6 || total
-------------------------+-------+-------++-------
Melee: Mace              |    48 |    53 ||   101
       Headbutt          |     3 |    10 ||    13
Invok: Berserk           |     2 |     2 ||     4
       Trog's Hand       |       |     1 ||     1
  Eat: Chunk             |       |     4 ||     4
Armor: Ring mail         |    14 |       ||    14
       Animal skin       |     1 |       ||     1
       Plate armour      |    21 |    40 ||    61
       Chain mail        |     3 |       ||     3
Dodge: Dodged            |    31 |    23 ||    54
